 Dungeon Crawl Stone Soup version 0.28-a0-1234-g826d19b2e0 (webtiles) character file.

Game seed: 14089254242941926186

157 willcat the Grasshopper (level 5, -1/34 HPs)
             Began as an Octopode Warper on Dec 24, 2021.
             Slain by a scorpion (7 damage)
             ... on level 3 of the Dungeon.
             The game lasted 00:02:49 (2857 turns).

willcat the Grasshopper (Octopode Warper)           Turns: 2857, Time: 00:02:50

Health: -1/34      AC:  1    Str: 10    XL:     5   Next: 38%
Magic:  9/9        EV:  8    Int: 17    God:
Gold:   128        SH: 10    Dex: 12    Spells: 7/9 levels left

rFire   . . .      SeeInvis .   g - +3 dagger
rCold   + . .      Faith    .   m - +0 tower shield
rNeg    . . .      Spirit   .   (helmet restricted)
rPois   .          Reflect  .   l - amulet of the acrobat
rElec   .          Harm     .   i - ring of protection from cold
rCorr   .          Rampage  .   (no ring)
Will    .....                   (no ring)
Stlth   ++........              (no ring)
HPRegen 0.11/turn               (no ring)
MPRegen 0.11/turn               (no ring)
                                (no ring)
                                (no ring)

@: lethally poisoned (-1 -> -11)
A: almost no armour, amphibious, 8 rings, camouflage 1, gelatinous body 1,
(nimble swimmer 1), tentacles
a: no special abilities


You were on level 3 of the Dungeon.
You visited 1 branch of the dungeon, and saw 4 of its levels.

You collected 128 gold pieces.

Inventory:

Hand Weapons
 g - a +3 dagger (weapon)
Missiles
 c - 5 boomerangs of dispersal (quivered)
Armour
 m - a +0 tower shield (worn)
Jewellery
 h - a ring of ice
 i - a ring of protection from cold (left tentacle)
 l - an amulet of the acrobat (around mantle)
Scrolls
 b - 2 scrolls of blinking
 d - a scroll of enchant armour {unknown}
 f - 7 scrolls of identify {unknown}
Potions
 a - 2 potions of might {unknown}
 e - a potion of degeneration {unknown}
 j - 3 potions of lignification {unknown}
 k - a potion of cancellation {unknown}


   Skills:
 - Level 2.0 Fighting
 + Level 2.9 Short Blades
 - Level 2.3 Throwing
 + Level 3.2 Dodging
 + Level 0.0 Stealth
 + Level 0.0 Shields
 - Level 2.7 Spellcasting
 - Level 3.7 Translocations


You had 7 spell levels left.
You knew the following spells:

 Your Spells              Type           Power      Damage    Failure   Level
a - Blink                 Tloc           30%        N/A       83%         2

Your spell library contained the following spells:

 Spells                   Type           Power      Damage    Failure   Level
 Gell's Gravitas          Tloc           15%        N/A       96%         3
 Lesser Beckoning         Tloc           15%        N/A       96%         3
 Teleport Other           Tloc           15%        N/A       96%         3
 Manifold Assault         Tloc           15%        N/A       100%        5


Dungeon Overview and Level Annotations

Branches:
Dungeon (4/15)
 Temple: D:4-7

Altars:

Annotations:
D:4 Grinder


Innate Abilities, Weirdness & Mutations

You cannot wear most types of armour.
You are amphibious.
You can wear up to eight rings at the same time.
Your skin changes colour to match your surroundings (Stealth+).
Your rubbery body absorbs attacks. (AC +1, EV +1)
((You are camouflaged when in or above water. (Stealth+)))
You have tentacles for arms and can constrict up to eight enemies at once.


Message History

There is a stone staircase leading down here.
You climb downwards.
Found an escape hatch in the floor.
There is a stone staircase leading up here.
Grinder is nearby!
Grinder is nearby!
Grinder is nearby!
Grinder shouts!
You hear an angry hiss.
You hear a bark!
You hear a shout! x2
A scorpion comes into view.
Grinder hits you but does no damage.
You hit Grinder. You grab Grinder.
Grinder is lightly wounded.
You constrict Grinder.
A ball python comes into view.
Grinder gestures at you. You resist with significant effort.
You hit Grinder.
Grinder is lightly wounded.
You constrict Grinder. Grinder hits you.
You writhe in agony.
Unknown command.
You release your grip on Grinder.
Grinder gestures at you. Pain shoots through your body!
There is a stone staircase leading up here.
Unknown command.
You block the scorpion's attack.
You climb upwards.
There is a stone staircase leading down here.
Unknown command.
The scorpion completely misses you. x2
You hit the scorpion but do no damage. Your grab misses the scorpion.
The scorpion stings you.
* * * LOW HITPOINT WARNING * * *
You are lethally poisoned!
The scorpion poisons you!
You hit the scorpion but do no damage. Your grab misses the scorpion.
* * * LOW HITPOINT WARNING * * *
You feel very sick. The scorpion stings you!
You die...

##....#.# #.#.##.###
......'.# #.#..#.#.# ########
.#....### #.##.#.#.# #.......
......# #.##...#.# ###.#####.
##....#####........#####....#
#.
..<###.....####..#.....'....#
#. .#.###.....#
##.#######....# #.
.+...'.....# #.# #....# #.
.#.###.....## #@# ###### #.
.#.#......).# #s### #.
.#.#.....)).# #>..# #.
.#.#.)......# ###.# #.
.#.###......... ... #. .#
########### #.# #. .# .# #. #
#. ##


You could see a scorpion.

Vanquished Creatures
  Jessica (D:2)
  An orc wizard (D:3)
  6 adders
  A dart slug (D:1)
  3 orcs (D:3)
  6 ball pythons
  2 endoplasms
  5 goblins
  4 hobgoblins
  5 jackals
  3 kobolds (D:2)
  A quokka (D:1)
  2 bats (D:3)
  2 frilled lizards
  5 rats
47 creatures vanquished.

Vanquished Creatures (others)
  A fungus (D:2)
1 creature vanquished.

Grand Total: 48 creatures vanquished

Notes
Turn   | Place    | Note
-------+----------+-------------------------------------------
     0 | D:1      | willcat the Octopode Warper began the quest for the Orb.
     0 | D:1      | Reached XP level 1. HP: 14/14 MP: 3/3
   517 | D:1      | Reached XP level 2. HP: 13/19 MP: 5/5
   808 | D:1      | Learned a level 2 spell: Blink
  1123 | D:2      | Reached XP level 3. HP: 16/24 MP: 6/6
  1505 | D:2      | Reached XP level 4. HP: 29/29 MP: 7/7
  1733 | D:2      | Noticed Jessica
  1743 | D:2      | Killed Jessica
  2008 | D:2      | Found a faded altar of an unknown god.
  2210 | D:3      | Reached XP level 5. HP: 12/34 MP: 7/9
  2845 | D:4      | Noticed Grinder
  2857 | D:3      | Slain by a scorpion

Illustrated notes

Levels and vault maps discovered:
D:1:      wander_arrival_chamber, layout_basic, serial_glass, glass_columns_b,
          glass_columns_a
D:2:      layout_rooms, dreamdust_ecumenical_altar_hidden_monk_grotto,
          uniq_jessica
D:3:      layout_basic, lemuel_crystal_altar
D:4:      kennysheep_big_flooded_room, layout_loops_corners,
          mainiacjoe_overflow_alcove_2, kennysheep_mini,
          ashenzari_conservatory_becter, old_standard_altar,
          minmay_temple_entry_overgrown, minmay_vboxes, uniq_grinder

Skill      XL: |  1  2  3  4 |
---------------+-------------+-----
Throwing       | 2 |  2.3
Dodging        | 3 |  3.2
Fighting       | |  2.0
Short Blades   | |  2.9
Spellcasting   | |  2.7
Translocations | |  3.7

Action                   |  1- 3 |  4- 6 || total
-------------------------+-------+-------++-------
Melee: Short sword       |    26 |       ||    26
       Constrict         |    11 |    13 ||    24
       Tentacles         |     7 |     8 ||    15
       Dagger            |    36 |    56 ||    92
 Stab: Sleeping          |     3 |     1 ||     4
Armor: Skin              |     5 |     3 ||     8
Dodge: Dodged            |    34 |    42 ||    76
Block: Tower shield      |       |     1 ||     1

Table legend: (Time is in decaauts)
 A = Elapsed time spent in this place.
 B = Non-inter-level travel time spent in this place.
 C = Inter-level travel time spent in this place.
 D = Time resting spent in this place.
 E = Time spent auto-exploring this place.
 F = Levels seen in this place.
 G = Mean time per level.
                   A        B        C        D        E       F      G
               +--------+--------+--------+--------+--------+-----+--------+
         Total |   2850 |   2745 |    105 |    480 |   1914 |   4 |  712.5 |
       Dungeon |   2850 |   2745 |    105 |    480 |   1914 |   4 |  712.5 |
               +--------+--------+--------+--------+--------+-----+--------+

Top non-repeatable levels by time:
     D:2: 1188 daAuts
     D:1: 996 daAuts
     D:3: 657 daAuts
     D:4: 8 daAuts
